 Dungeon Crawl Stone Soup version 0.30.1-3-gfc49f6343a (webtiles) character file.

Game seed: 7015702937647401749

59 Arctor the Firebug (level 4, -6/24 HPs)
             Began as a Gargoyle Fire Elementalist on July 24, 2023.
             Killed from afar by Natasha (8 damage)
             ... with a bolt of light
             ... on level 2 of the Dungeon.
             The game lasted 00:01:51 (2495 turns).

Arctor the Firebug (Gargoyle Fire Elementalist)     Turns: 2495, Time: 00:01:51

Health: -6/24      AC:  6    Str: 12    XL:     4   Next: 3%
Magic:  0/7        EV: 12    Int: 17    God:
Gold:   97         SH:  0    Dex: 10    Spells: 4/7 levels left

rFire   . . .        (no weapon)
rCold   . . .        (no shield)
rNeg    + . .        a - +0 robe
rPois   ∞            (no helmet)
rElec   +            (no cloak)
rCorr   .            (no gloves)
SInv    .            s - +0 pair of boots
Will    .....        (no amulet)
Stlth   ++           (no ring)
HPRegen 0.24/turn    (no ring)
MPRegen 0.10/turn

%: no passive effects
@: no status effects
A: sickness immunity, AC +3, negative energy resistance 1, electricity
resistance, torment resistance 1, petrification resistance
a: no special abilities


You were on level 2 of the Dungeon.
You visited 1 branch of the dungeon, and saw 2 of its levels.

You collected 97 gold pieces.

Inventory:

Armour
 a - a +0 robe (worn)
 s - a +0 pair of boots (worn)
Jewellery
 h - an amulet of faith
 p - a +6 ring of intelligence
Scrolls
 c - 2 scrolls of identify {unknown}
 g - 2 scrolls of teleportation {unknown}
 i - a scroll of torment {unknown}
 l - a scroll of blinking {unknown}
 n - a scroll of fog {unknown}
 o - a scroll of vulnerability {unknown}
 r - a scroll of immolation {unknown}
Potions
 b - a potion of magic
 d - a potion of degeneration {unknown}
 e - a potion of lignification {unknown}
 f - a potion of heal wounds {unknown}
 j - a potion of haste {unknown}
 k - a potion of mutation {unknown}
 m - a potion of curing {unknown}
 q - a potion of brilliance {unknown}


   Skills:
 + Level 2.0 Dodging
 + Level 2.9 Stealth
 + Level 2.4 Spellcasting
 + Level 2.0 Conjurations
 + Level 3.4 Fire Magic


You had 4 spell levels left.
You knew the following spells:

 Your Spells              Type           Power      Damage    Failure   Level
a - Foxfire               Conj/Fire      44%        2x1d6     6%          1
b - Scorch                Fire           26%        2d6       7%          2

Your spell library contained the following spells:

 Spells                   Type           Power      Damage    Failure   Level
 Lesser Beckoning         Tloc           4%         N/A       28%         2
 Inner Flame              Hex/Fire       7%         N/A       28%         3
 Volatile Blastmotes      Fire/Tloc      14%        2d11      28%         3
 Gell's Gravitas          Tloc           2%         N/A       50%         3
 Teleport Other           Tloc           2%         N/A       50%         3
 Flame Wave               Conj/Fire      11%        2d6       52%         4


Dungeon Overview and Level Annotations

Branches:
Dungeon (2/15)

Altars:

Annotations:
D:2 Natasha


Innate Abilities, Weirdness & Mutations

You are immune to sickness and miasma.
Your stone body is resilient. (AC +3)
You are immune to poison.
You resist negative energy. (rN+)
You are resistant to electric shocks. (rElec)
You are resistant to unholy torment.
You are immune to petrification.


Message History

The jackal closely misses you. The jackal bites you.
The jackal attacks as you move away! The jackal barely misses you.
The jackal bites you but does no damage.
The jackal attacks as you move away!
The jackal bites you but does no damage.
The jackal closely misses you. The jackal attacks as you move away!
The jackal closely misses you.
The jackal bites you but does no damage.
The jackal attacks as you move away! The jackal barely misses you.
The jackal attacks as you move away! The jackal closely misses you.
The jackal barely misses you. The jackal attacks as you move away!
The jackal closely misses you. The jackal bites you.
Casting: Foxfire (safe; 6% risk of failure)
Confirm with . or Enter, or press ? or * to list all spells.
You conjure some foxfire!
The jackal bites you.
You hit the jackal but do no damage.
The jackal is heavily wounded.
The foxfire hits the jackal.
You kill the jackal!
The foxfire hits the jackal.
You kill the jackal!
You have reached level 4!
You feel stronger.
Found a whip.
You see here a +0 pair of boots.
s - a +0 pair of boots You start putting on your armour.
You continue putting on your +0 pair of boots. x4
You finish putting on your +0 pair of boots.
Okay, then.
You conjure some foxfire!
Natasha, Servant of Life and Death comes into view.
She is carrying a wand of light (7).
Your foxfire dissipates!
Natasha zaps a wand.
The bolt of light hits you!
Ouch! That really hurt!
* * * LOW HITPOINT WARNING * * *
Natasha zaps a wand.
The bolt of light hits you!
You die...

.### ###....####.###### ....
..........†.......# ###
#####....###.####.# ..#
#########.h.......### ..#
#...................# ..#
#....)............#.#
..###.................#.#
..............#..##...# #
................@.....#
..............#.##....#
####....................#
#.########.#.#..######
#..........#.#.....
#######....(.##.#).###
......+.........#...
#######......###############
#....................#


You could see Natasha.

Vanquished Creatures
  Natasha (D:2)
  2 dart slugs (D:2)
  2 bats (D:1)
  3 endoplasms (D:2)
  2 giant cockroaches
  4 jackals (D:2)
  2 quokkas (D:2)
  3 ball pythons
  4 goblins
  A kobold (D:1)
  3 rats (D:1)
27 creatures vanquished.

Vanquished Creatures (others)
  168 foxfires
168 creatures vanquished.

Grand Total: 195 creatures vanquished

Notes
Turn   | Place    | Note
-------+----------+-------------------------------------------
     0 | D:1      | Arctor the Gargoyle Fire Elementalist began the quest for
                  | the Orb.
     0 | D:1      | Reached XP level 1. HP: 10/10 MP: 3/3
   579 | D:1      | Found a faded altar of an unknown god.
   681 | D:1      | Reached XP level 2. HP: 15/15 MP: 1/5
  2066 | D:2      | Reached XP level 3. HP: 16/19 MP: 1/6
  2069 | D:2      | Learned a level 2 spell: Scorch
  2391 | D:2      | Noticed Natasha
  2397 | D:2      | Killed Natasha
  2481 | D:2      | Reached XP level 4. HP: 15/24 MP: 0/7
  2491 | D:2      | Noticed Natasha
  2495 | D:2      | Killed from afar by Natasha

Illustrated notes

Levels and vault maps discovered:
D:1:      beargit_arrival_diablo_church, layout_basic,
          hellmonk_ecumenical_altar_lost_god
D:2:      layout_basic, uniq_natasha

Skill      XL: |  1  2  3 |
---------------+----------+-----
Dodging        | 2 |  2.0
Conjurations   | 2 |  2.0
Stealth        | |  2.9
Spellcasting   | |  2.4
Fire Magic     | |  3.4

Action                     |  1- 3 |  4- 6 || total
---------------------------+-------+-------++-------
  Melee: Unarmed           |    22 |       ||    22
   Cast: Foxfire           |   103 |     1 ||   104
         Scorch            |     2 |       ||     2
 Armour: Robe              |    22 |       ||    22
  Dodge: Dodged            |    58 |       ||    58
